 Dungeon Crawl Stone Soup version 0.25.1-1-g288607f5aa (webtiles) character file.

Game seed: 7625242014186290709

223 MisterFreud the Chiller (level 5, -1/35 HPs)
             Began as a Demonspawn Ice Elementalist on July 27, 2020.
             Slain by an orc
             ... wielding a +0 flail
              (3 damage)
             ... while paralysed by Grinder
             ... on level 3 of the Dungeon.
             The game lasted 00:05:18 (3785 turns).

MisterFreud the Chiller (DsIE)                      Turns: 3785, Time: 00:05:18

Health: -1/35      AC:  8    Str: 15    XL:     5   Next: 66%
Magic:  6/10       EV:  2    Int: 17    God:
Gold:   122        SH:  0    Dex: 13    Spells: 7/11 levels left

rFire    . . .     SeeInvis .   b - +2 dagger (vamp)
rCold    . . .     Gourm    .   (no shield)
rNeg     . . .     Faith    .   a - +0 robe
rPois    .         Spirit   .   (helmet restricted)
rElec    .         Reflect  .   (no cloak)
rCorr    .         Harm     .   u - +0 pair of gloves
MR       .....     Rnd*Tele +   p - +2 pair of boots {Stlth+}
Stlth    +++.......             (no amulet)
HPRegen  0.11/turn              j - +6 ring of strength
MPRegen  0.12/turn              s - ring of teleportation (curse)

@: paralysed, frozen ramparts, hasted
A: antennae 1, iridescent scales 1, powered by pain 1
a: no special abilities


You were on level 3 of the Dungeon.
You were hungry.

You visited 1 branch of the dungeon, and saw 3 of its levels.

You collected 122 gold pieces.

Inventory:

Hand Weapons
 b - a +2 vampiric dagger (weapon)
Armour
 a - a +0 robe (worn)
 h - a +1 ring mail of magic resistance
 p - a +2 pair of boots of stealth (worn)
 u - a +0 pair of gloves (worn)
Jewellery
 j - a +6 ring of strength (left hand)
 s - a cursed ring of teleportation (right hand)
 w - an uncursed amulet of faith {unknown}
Scrolls
 d - 4 scrolls of remove curse {unknown}
 e - 4 scrolls of identify {unknown}
 f - 2 scrolls of fear {unknown}
 g - a scroll of random uselessness {unknown}
 i - 2 scrolls of teleportation {unknown}
 n - a scroll of enchant armour {unknown}
 o - 2 scrolls of enchant weapon {unknown}
 v - a scroll of amnesia {unknown}
Potions
 k - a potion of magic {unknown}
 l - a potion of flight {unknown}
 m - a potion of haste
 r - a potion of might {unknown}
 t - a potion of heal wounds {unknown}
Comestibles
 c - 5 rations


   Skills:
 - Level 1.7 Dodging
 - Level 1.7 Stealth
 - Level 2.0 Unarmed Combat
 + Level 3.8 Spellcasting
 + Level 4.9 Ice Magic


You had 7 spell levels left.
You knew the following spells:

 Your Spells              Type           Power        Failure   Level  Hunger
a - Freeze                Ice            ###.         2%          1    None
b - Frozen Ramparts       Ice            ###...       6%          3    ###....

Your spell library contained the following spells:

 Spells                   Type           Power        Failure   Level  Hunger
 Ozocubu's Armour         Chrm/Ice       ##......     17%         3    ###....
 Hailstorm                Conj/Ice       ##......     50%         4    ####...
 Summon Ice Beast         Ice/Summ       ##......     50%         4    ####...


Dungeon Overview and Level Annotations

Branches:
Dungeon (3/15)

Altars:
Yredelemnul
The Shining One

Annotations:
D:3 Grinder


Innate Abilities, Weirdness & Mutations

You have a pair of small antennae on your head.
You are partially covered in iridescent scales. (AC +2)
You sometimes gain a little power by taking damage.


Message History

You see here a jackal skeleton.
Casting: Frozen Ramparts (dangerous; 6% risk of failure)
Confirm with . or Enter, or press ? or * to list all spells.
The walls around you are covered in ice.
You are feeling hungry.
Grinder resists.
The wall freezes Grinder.
The orc shouts!
Grinder completely resists.
The wall freezes Grinder but do no damage.
Grinder gestures at you.
You suddenly lose the ability to move!
Grinder completely resists.
The wall freezes Grinder but do no damage.
The wall freezes the bat.
The wall freezes the bat but do no damage.
The bat hits you but does no damage.
The wall freezes the bat.
The bat hits you.
* * * LOW HITPOINT WARNING * * *
The wall freezes the orc.
The orc hits you with a +0 flail.
You die...

.... ...[ #..#.#
#........... .[.. ...
##.#.# #........... ....
.. ###...###...........
. #.......#...........
#####.......#...........
...............(........
........................
.....)b.o.....##########
.....##@#.....# ...
#5#.....# . #.##....###
#.##......# #.##......#
#######.##......#
+.......##......#
##########......#
#......รท....>..#


You could see Grinder, an orc and a bat.

Vanquished Creatures
  Terence (D:2)
  A worker ant (D:2)
  4 adders
  4 gnolls (D:2)
  An ooze (D:1)
  2 worms (D:2)
  2 dart slugs
  2 leopard geckos (D:2)
  An orc (D:2)
  2 ball pythons
  6 bats
  5 giant cockroaches
  9 hobgoblins
  8 jackals
  9 kobolds
  3 quokkas
  9 frilled lizards
  2 gnoll zombies (D:2)
  3 goblins
  10 rats
84 creatures vanquished.

Notes
Turn   | Place    | Note
-------+----------+-------------------------------------------
     0 | D:1      | MisterFreud the Demonspawn Ice Elementalist began the quest
                  | for the Orb.
     0 | D:1      | Reached XP level 1. HP: 13/13 MP: 3/3
   159 | D:1      | Reached skill level 1 in Unarmed Combat
   184 | D:1      | Gained mutation: You sometimes gain a little power by
                  | taking damage. [demonic ancestry]
   184 | D:1      | Reached XP level 2. HP: 15/19 MP: 0/5
  1143 | D:2      | Gained mutation: You are partially covered in iridescent
                  | scales. (AC +2) [demonic ancestry]
  1143 | D:2      | Reached XP level 3. HP: 12/24 MP: 0/6
  1266 | D:2      | Reached skill level 4 in Ice Magic
  1540 | D:2      | Found a glowing golden altar of the Shining One.
  1773 | D:2      | Gained mutation: You have a pair of small antennae on your
                  | head. [demonic ancestry]
  1773 | D:2      | Reached XP level 4. HP: 26/30 MP: 5/8
  2076 | D:2      | Learned a level 3 spell: Frozen Ramparts
  2633 | D:2      | Noticed Terence
  2644 | D:2      | Killed Terence
  2644 | D:2      | Reached XP level 5. HP: 35/35 MP: 5/10
  3007 | D:2      | Found a basalt altar of Yredelemnul.
  3757 | D:3      | Noticed Grinder
  3765 | D:3      | Paralysed by Grinder for 2 turns
  3783 | D:3      | Paralysed by Grinder for 7 turns
  3785 | D:3      | Slain by an orc

Illustrated notes

Levels and vault maps discovered:
D:1:      kilobyte_arrival_exit_the_forest, layout_basic, st_stairs_2
D:2:      layout_loops_ring, nicolae_tso_swordbearing_angel,
          lemuel_zombie_altar_yredelemnul, first_ration, grunt_ministairs_7,
          minmay_misc_feat_alley, minmay_mini_jars, uniq_terence
D:3:      layout_basic, uniq_grinder

Skill      XL: |  1  2  3  4 |
---------------+-------------+-----
Unarmed Combat | 1 2 |  2.0
Ice Magic      | 4 |  4.9
Spellcasting   | 3 |  3.8
Dodging        | |  1.7
Stealth        | |  1.7

Action                   |  1- 3 |  4- 6 || total
-------------------------+-------+-------++-------
Melee: Unarmed           |    16 |       ||    16
       Dagger            |    60 |   146 ||   206
       Punch             |     1 |     1 ||     2
 Cast: Freeze            |    27 |    11 ||    38
       Frozen Ramparts   |       |    11 ||    11
  Use: Potion            |       |     1 ||     1
 Stab: Sleeping          |     2 |    10 ||    12
       Distracted        |       |     1 ||     1
  Eat: Chunk             |     3 |     7 ||    10
Armor: Robe              |    24 |    45 ||    69
Dodge: Dodged            |    56 |    94 ||   150
